 Dungeon Crawl Stone Soup version 0.30-a0-1035-g38d5fb2972 (webtiles) character file.

Game seed: 1564833323520269491

558 FlurksSlurper the Insei (level 7, 0/52 HPs)
             Began as a Demonspawn Gladiator on Apr 8, 2023.
             Slain by Edmund
             ... wielding a +2 dire flail of protection
              (16 damage)
             ... on level 5 of the Dungeon.
             The game lasted 00:08:38 (3555 turns).

FlurksSlurper the Insei (Demonspawn Gladiator)      Turns: 3555, Time: 00:08:38

Health: 0/52       AC:  5    Str: 14    XL:     7   Next: 9%
Magic:  9/9        EV: 12    Int:  9    God:
Gold:   166        SH:  4    Dex: 17    Spells: 9/9 levels left

rFire   . . .      SeeInvis .      - Unarmed
rCold   . . .      Faith    .    y - +0 buckler
rNeg    . . .      Spirit   .    a - +0 leather armour
rPois   .          Reflect  .    b - +0 helmet
rElec   .          Rampage  .    (no cloak)
rCorr   .                        (no gloves)
Will    +....                    t - +0 pair of boots
Stlth   ++                       (no amulet)
HPRegen 0.28/turn                o - ring of willpower
MPRegen 0.11/turn                (no ring)

@: about to teleport, weakened, hasted, very quick
A: powered by pain 1, demonic magic 1, demonic touch 1
a: no special abilities


You were on level 5 of the Dungeon.
You visited 2 branches of the dungeon, and saw 6 of its levels.

You collected 166 gold pieces.

Inventory:

Hand Weapons
 i - a +2 whip of electrocution
 p - a +4 short sword
 x - the +7 dagger "Wuory" {heavy, rC+ Int-2 Dex+3 SInv}
   (You found it on level 4 of the Dungeon)

   Int:       It affects your intelligence (-2).
   Dex:       It affects your dexterity (+3).
   rC:        It protects you from cold.
   SInv:      It lets you see invisible.
Missiles
 c - 3 throwing nets (quivered)
 m - 3 poisoned darts
Armour
 a - a +0 leather armour (worn)
 b - a +0 helmet (worn)
 t - a +0 pair of boots (worn)
 w - a +0 chain mail
 y - a +0 buckler (worn)
 B - a +0 plate armour
Jewellery
 o - a ring of willpower (left hand)
 v - a ring of ice
Wands
 j - a wand of flame (24)
Scrolls
 e - a scroll of amnesia
 l - 4 scrolls of teleportation
 n - 4 scrolls of identify {unknown}
 q - 2 scrolls of poison {unknown}
 r - a scroll of silence {unknown}
 u - a scroll of immolation {unknown}
 z - a scroll of acquirement {unknown}
 A - a scroll of enchant armour {unknown}
Potions
 f - a potion of berserk rage {unknown}
 g - a potion of haste
 h - a potion of might {unknown}
 k - a potion of curing {unknown}
 s - a potion of brilliance {unknown}


   Skills:
 * Level 3.1 Fighting
 + Level 2.8 Throwing
 * Level 2.7 Armour
 + Level 3.6 Dodging
 + Level 0.9 Stealth
 + Level 4.7 Unarmed Combat
 * Level 1.9 Spellcasting


You had 9 spell levels left.
You didn't know any spells.
Your spell library contained the following spells:

 Spells                   Type           Power      Damage    Failure   Level
 Volatile Blastmotes      Fire/Tloc      0%         2d10      87%         3
 Fulminant Prism          Conj/Hex       0%         3d5       99%         4
 Iskenderun's Mystic Bla  Conj/Tloc      0%         2d3       99%         4
 Lee's Rapid Deconstruct  Erth           0%         3d4*      100%        5


Dungeon Overview and Level Annotations

Branches:
Dungeon (5/15)             Temple (1/1) D:4

Altars:
Ashenzari
Dithmenos
Fedhas
Makhleb
Nemelex Xobeh
Qazlal
Ru
Sif Muna
Uskayaw
Wu Jian
Yredelemnul

Shops:
D:4 =

Annotations:
D:5 Edmund, Sigmund


Innate Abilities, Weirdness & Mutations

You sometimes gain a little power by taking damage.
Spells you cast may paralyse adjacent enemies.
Your touch may inflict minor irresistible damage on your foes.


Message History

The gnoll bouda is lightly wounded.
Something hits you! The gnoll bouda barely misses you.
Unknown command.
You hit the gnoll bouda but do no damage.
The gnoll bouda is lightly wounded.
Unknown command.
You hit the gnoll bouda.
The gnoll bouda is heavily wounded.
The howler monkey hoots and howls with incredible vigour!
The gnoll bouda hits you with a +0 club.
You barely miss the gnoll bouda.
The gnoll bouda is heavily wounded.
Something hits you.
You closely miss the gnoll bouda.
The gnoll bouda is heavily wounded.
The gnoll bouda hits you with a +0 club.
A quokka comes into view.
You hit the gnoll bouda but do no damage.
The gnoll bouda is heavily wounded.
The gnoll bouda closely misses you. Something hits you!
Unknown command.
The howler monkey hoots and howls with incredible vigour!
You hear an angry hiss.
Edmund and 2 gnolls come into view.
Edmund is wielding a +2 dire flail of protection.
A gnoll is wielding a +2 halberd of protection.
Found a book of the Hunter and a dagger.
The gnoll shouts!
You hear a shout!
A gnoll comes into view. It is wielding a +0 flail.
Edmund clears his throat.
As you read the scroll labelled LEG FAREGUN, it crumbles to dust.
You feel strangely unstable.
It was a scroll of teleportation.
You block the quokka's attack.
Unknown command.
You hit Edmund but do no damage.
Edmund hits you with a +2 dire flail of protection.
The quokka bites you.
Unknown command.
You completely miss the quokka.
Edmund hits you with a +2 dire flail of protection!
You die...

#. ..#....?.# #.
.#......# #. .......####
#. #.........## #.
#).........#
###.#######...........
#.....g(ggh.(....$....
....#.{#######..<.......
# ##gr@.# #.....>...?
####@# #.g........ .#
##..@.....# :g
.......... ##g
#..........
..#.....h....
.........h.. ...


You could see Edmund, a gnoll bouda (poisoned), 2 gnolls and a quokka.

Vanquished Creatures
  2 black bears (D:4)
  2 scorpions
  2 hounds (D:4)
  A sleepcap (D:4)
  2 iguanas (D:4)
  2 gnolls
  3 adders
  2 worms
  3 dart slugs
  An orc (D:3)
  6 ball pythons
  9 endoplasms
  A giant cockroach (D:1)
  10 goblins
  6 hobgoblins
  2 quokkas
  4 bats
  4 frilled lizards
  11 kobolds
  6 rats
79 creatures vanquished.

Notes
Turn   | Place    | Note
-------+----------+-------------------------------------------
     0 | D:1      | FlurksSlurper the Demonspawn Gladiator began the quest for
                  | the Orb.
     0 | D:1      | Reached XP level 1. HP: 16/16 MP: 1/1
   155 | D:1      | Gained mutation: Your touch may inflict minor irresistible
                  | damage on your foes. [demonic ancestry]
   155 | D:1      | Reached XP level 2. HP: 19/22 MP: 2/2
   165 | D:1      | Reached skill level 3 in Unarmed Combat
   385 | D:1      | Reached XP level 3. HP: 26/27 MP: 3/3
  1161 | D:2      | Gained mutation: You sometimes gain a little power by
                  | taking damage. [demonic ancestry]
  1161 | D:2      | Reached XP level 4. HP: 17/33 MP: 4/4
  1842 | D:3      | Noticed a scorpion
  1848 | D:3      | Killed a scorpion
  1849 | D:3      | Reached skill level 1 in Armour
  1849 | D:3      | Reached skill level 4 in Unarmed Combat
  1849 | D:3      | Reached XP level 5. HP: 38/38 MP: 5/5
  1955 | D:3      | Found an ornate altar of the Wu Jian Council.
  2470 | D:4      | Noticed a black bear
  2488 | D:4      | Killed a black bear
  2636 | D:4      | Found Pucib's Jewellery Boutique.
  2642 | D:4      | Identified the +7 dagger "Wuory" {heavy, rC+ Int-2 Dex+3
                  | SInv}
  2659 | D:4      | Gained mutation: Spells you cast may paralyse adjacent
                  | enemies. [demonic ancestry]
  2659 | D:4      | Reached XP level 6. HP: 46/46 MP: 6/6
  2898 | D:4      | Reached skill level 1 in Spellcasting
  2976 | D:4      | Found a staircase to the Ecumenical Temple.
  2993 | D:4      | Reached XP level 7. HP: 31/52 MP: 9/9
  3000 | Temple   | Entered the Ecumenical Temple
  3430 | D:4      | Found a sacrificial altar of Ru.
  3523 | D:5      | Entered Level 5 of the Dungeon
  3523 | D:5      | Noticed Sigmund
  3552 | D:5      | Noticed Edmund
  3555 | D:5      | Slain by Edmund

Illustrated notes

Levels and vault maps discovered:
D:1:      dpeg_arrival_water_temple_mockup, layout_basic, serial_park_tiny_pond,
          minmay_hedge_maze, minmay_misc_feat_tower, minmay_misc_feat_enclosed,
          minmay_heptomino_w4
D:2:      layout_loops_ring
D:3:      layout_basic, mainiacjoe_overflow_catwalk
D:4:      layout_basic, nicolae_ru_the_path_less_chosen,
          minmay_temple_entry_fiery, grunt_ministairs_8,
          minmay_shop_enchanted_jewellery, minmay_vboxes
D:5:      layout_rooms, grunt_temple_overflow_open, uniq_ijyb,
          uniq_blork_the_orc, uniq_sigmund, uniq_menkaure, uniq_grinder,
          uniq_edmund
Temple:   eino_temple_lava

Skill      XL: |  1  2  3  4  5  6 |
---------------+-------------------+-----
Dodging        | 3 |  3.6
Unarmed Combat | 3 4 |  4.7
Throwing       | 2 |  2.8
Armour         | 1 2 |  2.7
Spellcasting   | 1 |  1.9
Fighting       | 3 |  3.1
Stealth        | |  0.9

Action                     |  1- 3 |  4- 6 |  7- 9 || total
---------------------------+-------+-------+-------++-------
  Melee: Unarmed           |   118 |   111 |    34 ||   263
         Punch             |     4 |       |       ||     4
         Touch             |    17 |    16 |       ||    33
  Throw: Dart              |       |    28 |     4 ||    32
         Javelin           |       |       |     1 ||     1
    Use: Scroll            |       |     2 |     1 ||     3
         Potion            |       |       |     1 ||     1
 Armour: Leather armour    |    18 |    45 |     7 ||    70
  Dodge: Dodged            |    61 |    90 |    22 ||   173
  Block: Buckler           |       |     8 |     5 ||    13

Table legend: (Time is in decaauts)
 A = Elapsed time spent in this place.
 B = Non-inter-level travel time spent in this place.
 C = Inter-level travel time spent in this place.
 D = Time resting spent in this place.
 E = Time spent auto-exploring this place.
 F = Levels seen in this place.
 G = Mean time per level.
                   A        B        C        D        E       F      G
               +--------+--------+--------+--------+--------+-----+--------+
         Total |   3532 |   3441 |     91 |     99 |   2454 |   6 |  588.7 |
       Dungeon |   3378 |   3287 |     91 |     99 |   2321 |   5 |  675.6 |
        Temple |    153 |    153 |      0 |      0 |    133 |   1 |  153.0 |
               +--------+--------+--------+--------+--------+-----+--------+

Top non-repeatable levels by time:
     D:4: 941 daAuts
     D:3: 913 daAuts
     D:2: 779 daAuts
     D:1: 718 daAuts
  Temple: 153 daAuts
     D:5: 26 daAuts
